 Dungeon Crawl Stone Soup version 0.20.0-15-g7f486f2 (webtiles) character file.

152026 Jannitor the Geomancer (level 16, -16/249 HPs)
             Began as a Demigod Earth Elementalist on June 11, 2017.
             Demolished by Mara
             ... wielding a +2 demon trident of freezing
              (18 damage)
             ... on level 3 of the Swamp.
             The game lasted 02:05:22 (55849 turns).

Jannitor the Geomancer (DgEE)                      Turns: 55849, Time: 02:05:22

Health: -16/249    AC: 39    Str: 16    XL:     16   Next: 47%
Magic:  33/38      EV: 13    Int: 29    God:
Gold:   2129       SH:  0    Dex: 23    Spells: 15/40 levels left

rFire    + + +     SeeInvis .   k - +9 quarterstaff "Kymeat Gaots" {protect, Dex+7}
rCold    + . .     Gourm    +   (shield currently unavailable)
rNeg     + . .     Faith    .   (armour currently unavailable)
rPois    ∞         Spirit   .   M - +2 hat
rElec    +         Reflect  .   K - +1 cloak {rPois}
rCorr    .         Harm     .   (gloves currently unavailable)
MR       +....                  (boots currently unavailable)
Stlth    ..........             N - amulet "Neikod" {Gourm rF+}
Regen    0.6/turn               B - ring of protection from fire
MPRegen  0.3/turn               w - ring of protection from cold

@: berserking (expiring), statue-form, protection aura
A: fire resistance 1, high mp 1
a: End Transformation


You were on level 3 of the Swamp.
You were very full.
You were a stone statue.
You visited 6 branches of the dungeon, and saw 28 of its levels.
You also visited: Labyrinth, Sewer, Bailey and Ice Cave.

You collected 2831 gold pieces.
You spent 702 gold pieces at shops.

Inventory:

Hand Weapons
 k - the +9 quarterstaff "Kymeat Gaots" (weapon) {protect, Dex+7}
   (You found it on level 10 of the Dungeon)

   It protects the one who uses it against injury (+AC on strike).
   It affects your dexterity (+7).
Missiles
 b - 361 stones (quivered)
Armour
 c - a +0 shield of cold resistance
 m - a +0 pair of gloves (melded)
 H - a +2 scale mail of fire resistance
 J - the +0 ring mail of Vanity (melded) {rElec rPois}
   (You found it on level 3 of the Lair of Beasts)

   It insulates you from electricity.
   It protects you from poison.
 K - a +1 cloak of poison resistance (worn)
 M - a +2 hat (worn)
Magical Staves
 v - an uncursed staff of earth
 T - an uncursed staff of wizardry
 Z - an uncursed staff of conjuration
Jewellery
 w - a ring of protection from cold (right hand)
 y - an uncursed ring of resist corrosion
 B - a ring of protection from fire (left hand)
 N - the amulet "Neikod" (around neck) {Gourm rF+}
   (You found it in a labyrinth)

   [amulet of the gourmand]

   It allows you to eat raw meat even when not hungry.
   It protects you from fire.
Wands
 n - a wand of iceblast (8/15)
 z - a wand of digging (3/24)
 E - a wand of clouds (2/9)
 L - a wand of acid (10/15)
 P - a wand of clouds (6/9)
 V - a wand of scattershot (5/9)
Scrolls
 f - 10 scrolls of teleportation
 h - 7 scrolls of magic mapping
 i - 8 scrolls of enchant weapon
 o - 5 scrolls of fog
 r - a scroll of brand weapon
 s - a scroll of vulnerability {unknown}
 x - 6 scrolls of recharging
 C - 6 scrolls of enchant armour
 D - 6 scrolls of identify
 F - 8 scrolls of remove curse
 I - a scroll of amnesia
 O - 2 scrolls of immolation
Potions
 a - a potion of ambrosia
 e - a potion of resistance
 g - 5 potions of curing
 p - 6 potions of mutation
 t - 3 potions of might
 u - a potion of magic
 A - 4 potions of brilliance
 R - 2 potions of flight
 X - 3 potions of heal wounds
 Y - 2 potions of agility
Books
 G - Roxanne's Catalogue of the Mountains
   (You took it off Roxanne on level 14 of the Dungeon)

   Spells                             Type                      Level
   a - Sandblast                      Earth                        1
   b - Passwall                       Transmutation/Earth          2
   c - Stone Arrow                    Conjuration/Earth            3
   d - Iron Shot                      Conjuration/Earth            6
   e - Statue Form                    Transmutation/Earth          6
 U - a book of Changes

   Spells                             Type                      Level
   a - Beastly Appendage              Transmutation                1
   b - Sticks to Snakes               Transmutation                2
   c - Spider Form                    Transmutation/Poison         3
   d - Ice Form                       Ice/Transmutation            4
   e - Blade Hands                    Transmutation                5
Miscellaneous
 q - a phial of floods
Comestibles
 d - 15 bread rations
 j - 12 royal jellies
 l - 9 meat rations
 S - 17 fruits


   Skills:
 - Level 8.1 Fighting
 + Level 10.5 Staves
 - Level 11.0 Armour
 - Level 1.7 Dodging
 - Level 1.7 Stealth
 - Level 12.8 Spellcasting
 - Level 7.1 Conjurations
 - Level 6.3 Transmutations
 + Level 14.5 Earth Magic
 + Level 7.3 Evocations


You had 15 spell levels left.
You knew the following spells:

 Your Spells              Type           Power        Failure   Level  Hunger
a - Stone Arrow           Conj/Erth      ######       1%          3    None
b - Sandblast             Erth           ######       0%          1    None
c - Lee's Rapid Deconstr  Erth           #######...   1%          5    ##.....
d - Petrify               Tmut/Erth      ######..     1%          4    None
e - Iron Shot             Conj/Erth      ######....   4%          6    ####...
f - Statue Form           Tmut/Erth      ######...    6%          6    ####...


Dungeon Overview and Level Annotations

Branches:
Dungeon (15/15)            Temple (1/1) D:4            Lair (6/6) D:9
  Swamp (3/4) Lair:2        Snake (1/4) Lair:4        Slime (0/5) Lair:5
    Orc (2/2) D:10            Elf (0/3) Orc:2        Vaults (0/5) D:14
 Depths: D:15

Shops:
D:10 [   Orc:1 ([!   Orc:2 ?:[[

Annotations:
D:4 Dowan, Duvessa
Lair:4 exclusion: oklob plant
Swamp:3 Mara
Orc:2 Fv001's ghost, adept GrFi


Innate Abilities, Weirdness & Mutations

You have an increased reservoir of magic. (+10% MP)
((You are partially covered in yellow scales. (AC +2)))
Your flesh is heat resistant. (rF+)


Message History

Mara hits you from afar with a demon trident of freezing.
* * * LOW HITPOINT WARNING * * *
Mara barely misses you.
A bog body comes into view.
Unknown command.
You bludgeon Mara!!
Mara is severely wounded.
Jannitor's illusion hits you!!
* * * LOW HITPOINT WARNING * * *
Mara blinks!
The swamp worm barely misses you.
Unknown command.
You bludgeon Mara!!
Mara is severely wounded.
Jannitor's illusion is no longer berserk.
Jannitor's illusion gestures at you while chanting.
The iron shot hits you!
* * * LOW HITPOINT WARNING * * *
Mara hits you but does no damage.
Mara hits you from afar with a demon trident of freezing!!
You die...

≈≈...≈≈♣≈♣
♣♣♣.≈.≈. ≈≈....≈§♣
♣≈≈≈..♣
≈≈≈.....♣♣♣♣♣≈≈≈..
≈≈...≈≈.♣≈≈♣§...
≈..♣.≈≈.♣...♣†♣♣
≈.♣♣♣.≈.≈....≈.♣
..♣ ♣♣≈≈♣≈♣.♣..♣♣
♣♣ ♣♣♣♣♣♣♣♣.≈R♣♣♣
♣§..8.♣ ♣♣♣.w@R♣
♣♣♣w≈n.. ..≈≈...
♣R..... ♣♣...(
♣.♣. ♣♣


You could see 3 Maras, a bog body, 2 swamp worms and Jannitor's illusion.

Vanquished Creatures
  Saint Roka (Orc:2)
  Rupert (D:14)
  Agnes (D:14)
  Roxanne (D:14)
  An orc warlord (Orc:2)
  Aizul (Swamp:1)
  Louise (D:14)
  Azrael (D:12)
  A white draconian (IceCv)
  Josephine (D:14)
  A minotaur (Lab)
  Erolcha (Orc:1)
  13 hydras
  4 centaur warriors
  2 ghost crabs
  15 two-headed ogres
  An ogre mage (D:10)
  2 dancing weapons (D:14)
  9 death yaks
  4 alligators
  A queen ant (Lair:3)
  2 tengu warriors
  4 orc high priests (Orc:2)
  3 swamp dragons (Swamp:2)
  An unseen horror (D:13)
  A shambling mangrove (Swamp:2)
  A lindwurm (Lair:4)
  6 orc knights
  4 orc sorcerers (Orc:2)
  2 ugly things
  A manticore (D:14)
  An ice statue (IceCv)
  13 elephants
  3 black mambas
  5 gargoyles
  Maurice (D:9)
  13 spiny frogs
  2 ice devils (Orc:1)
  A rime drake (Lair:3)
  A freezing wraith (D:14)
  11 komodo dragons
  3 tengu conjurers
  2 minotaur zombies (Lab)
  A harpy zombie (D:14)
  19 polar bears
  15 trolls
  2 tyrant leeches
  A minotaur skeleton (Lab)
  13 hornets
  5 bog bodies
  15 slime creatures
  2 dream sheep (D:9)
  13 blink frogs
  9 hippogriffs
  18 spriggans
  6 wyverns
  3 shadows
  The ghost of Reinor the Ducker, an amateur SpEE (D:4)
  5 wraiths
  100 yaks
  A vampire (D:15)
  3 basilisks
  7 fire elementals (D:12)
  A hungry ghost (Lab)
  Menkaure (D:4)
  16 vampire mosquitoes
  3 insubstantial wisps (Swamp:3)
  11 swamp worms
  3 wargs (Orc:2)
  4 nagas (Lair:4)
  3 acid dragons (D:14)
  10 soldier ants
  A hell hound (D:12)
  17 water moccasins
  9 porcupines
  6 swamp drakes
  A hornet zombie (D:14)
  2 phantoms
  4 black bears
  3 necrophages
  5 ice beasts
  57 orc warriors
  A sky beast (D:10)
  4 eyes of draining
  22 ogres
  35 wolves
  3 boggarts (Lair:6)
  26 centaurs
  15 crocodiles
  5 big kobolds
  20 bullfrogs
  An earth elemental (Lab)
  5 scorpions
  7 killer bees
  5 wights (D:14)
  3 electric eels (Lair:5)
  6 howler monkeys
  12 crimson imps
  10 hounds
  6 centaur zombies
  40 orc priests
  2 bullfrog skeletons
  3 bullfrog zombies
  2 centaur skeletons
  4 jellies
  32 orc wizards
  3 iguanas
  Ijyb (D:4)
  Natasha (twice) (D:4)
  26 worker ants
  A killer bee zombie (D:6)
  2 hound skeletons
  21 adders
  9 gnolls
  5 river rats
  3 shadow imps
  8 oozes
  An adder skeleton (D:5)
  3 worms
  3 dart slugs
  2 leopard geckos
  142 orcs
  5 bats
  7 giant cockroaches
  7 hobgoblins
  8 jackals
  7 quokkas
  15 ball pythons
  7 frilled lizards
  9 goblins
  18 kobolds
  31 rats
1155 creatures vanquished.

Vanquished Creatures (others)
  2 alligators
  A tyrant leech (Swamp:3)
  A slime creature (Swamp:3)
  A shadow (D:14)
  2 swamp drakes (Swamp:3)
  18 fungi
  16 plants
41 creatures vanquished.

Grand Total: 1196 creatures vanquished

Notes
Turn   | Place    | Note
-------+----------+-------------------------------------------
     0 | D:1      | Jannitor the Demigod Earth Elementalist began the quest for the Orb.
     0 | D:1      | Reached XP level 1. HP: 14/14 MP: 5/5
    81 | D:1      | Reached skill level 3 in Earth Magic
   208 | D:1      | Reached XP level 2. HP: 20/20 MP: 5/7
  1166 | D:2      | Reached XP level 3. HP: 26/26 MP: 6/8
  1183 | D:2      | Reached skill level 4 in Earth Magic
  2434 | D:3      | Reached XP level 4. HP: 28/33 MP: 2/9
  2784 | D:3      | Found a bloodstained altar of Trog.
  3059 | D:4      | Noticed Natasha
  3064 | D:4      | Killed Natasha
  3064 | D:4      | Reached skill level 5 in Earth Magic
  3160 | D:4      | Noticed Reinor's ghost (amateur SpEE)
  3170 | D:4      | Learned a level 3 spell: Stone Arrow
  3175 | D:4      | Found a shattered altar of Ashenzari.
  3185 | D:4      | Killed Reinor's ghost
  3185 | D:4      | Reached skill level 6 in Earth Magic
  3185 | D:4      | Reached XP level 5. HP: 11/38 MP: 4/10
  3324 | D:4      | Found a glowing drain.
  3328 | D:4      | Noticed Menkaure
  3340 | D:4      | Killed Menkaure
  3340 | D:4      | Reached XP level 6. HP: 19/45 MP: 2/11
  3523 | Sewer    | Entered a sewer
  3876 | Sewer    | Reached skill level 7 in Earth Magic
  4532 | Sewer    | Reached XP level 7. HP: 11/50 MP: 9/14
  4783 | Sewer    | Learned a level 1 spell: Sandblast
  4903 | D:4      | Noticed Ijyb
  5027 | D:4      | Killed Ijyb
  5137 | D:4      | Noticed Duvessa
  5137 | D:4      | Noticed Dowan
  5155 | D:4      | Learned a level 5 spell: Lee's Rapid Deconstruction
  5607 | D:4      | Noticed Natasha
  5613 | D:4      | Killed Natasha
  5883 | D:5      | Entered Level 5 of the Dungeon
  6085 | D:4      | Found a staircase to the Ecumenical Temple.
  6202 | Temple   | Entered the Ecumenical Temple
  6598 | D:5      | Reached skill level 8 in Earth Magic
  7217 | D:5      | Reached XP level 8. HP: 15/57 MP: 4/18
  7594 | D:5      | Learned a level 4 spell: Petrify
  7953 | D:6      | Found a shadowy altar of Dithmenos.
  7967 | D:6      | Reached skill level 5 in Spellcasting
  8320 | D:6      | Reached skill level 9 in Earth Magic
  8809 | D:6      | Reached skill level 1 in Fighting
  9424 | D:7      | Reached XP level 9. HP: 64/64 MP: 11/22
 10045 | D:7      | Noticed a gargoyle
 10051 | D:7      | Killed a gargoyle
 10534 | D:8      | Found a flagged portal.
 10539 | Bailey   | Entered a bailey
 10539 | Bailey   | Noticed an orc knight
 10551 | Bailey   | Reached skill level 10 in Earth Magic
 10578 | Bailey   | Noticed an orc knight
 10584 | Bailey   | Noticed an orc knight
 10593 | Bailey   | Killed an orc knight
 10599 | Bailey   | Killed an orc knight
 10609 | Bailey   | Gained mutation: You do not regenerate when monsters are visible. [potion of mutation]
 10609 | Bailey   | Gained mutation: You are dopey. (Int -2) [potion of mutation]
 10609 | Bailey   | Gained mutation: You passively map a small area around you. [potion of mutation]
 10750 | D:8      | Lost mutation: You do not regenerate when monsters are visible. [potion of mutation]
 10750 | D:8      | Lost mutation: You passively map a small area around you. [potion of mutation]
 10750 | D:8      | Lost mutation: You are dopey. (Int -2) [potion of mutation]
 10750 | D:8      | Gained mutation: You have sharp fingernails. [potion of mutation]
 10750 | D:8      | Gained mutation: Your muscles are strong. (Str +2) [potion of mutation]
 12037 | D:8      | Reached XP level 10. HP: 68/80 MP: 18/25
 12268 | D:9      | Reached skill level 5 in Fighting
 12580 | D:9      | Noticed a three-headed hydra
 12584 | D:9      | Killed a three-headed hydra
 12584 | D:9      | Reached skill level 1 in Armour
 12961 | D:9      | Reached skill level 11 in Earth Magic
 13225 | D:9      | Noticed Maurice
 13228 | D:9      | Killed Maurice
 13856 | D:9      | Found a staircase to the Lair.
 13863 | Lair:1   | Entered Level 1 of the Lair of Beasts
 14007 | Lair:1   | Noticed a four-headed hydra
 14079 | Lair:1   | Killed a four-headed hydra
 14084 | Lair:1   | Reached XP level 11. HP: 89/89 MP: 7/28
 15120 | Lair:1   | Reached skill level 1 in Staves
 15362 | Lair:2   | Found a staircase to the Swamp.
 15575 | Lair:2   | Got a slimy ivory ring
 15577 | Lair:2   | Identified the ring of Salvation {Ice Int+3 Dex+3} (You found it on level 2 of the Lair of Beasts)
 16343 | Lair:2   | Reached skill level 5 in Armour
 16624 | Lair:2   | Got a shimmering dagger
 16625 | Lair:2   | Identified the +8 dagger of Xom's Righteous Anger {venom, Int+4} (You found it on level 2 of the Lair of Beasts)
 17024 | Lair:3   | Found a labyrinth entrance.
 17033 | Lair:3   | Reached skill level 1 in Conjurations
 17036 | Lab      | Entered a labyrinth
 17710 | Lab      | Noticed a minotaur
 17738 | Lab      | Killed a minotaur
 17738 | Lab      | Reached skill level 12 in Earth Magic
 17843 | Lab      | Got a vibrating graven amulet
 17844 | Lab      | Identified the amulet "Neikod" {Gourm rF+} (You found it in a labyrinth)
 18005 | Lab      | Reached XP level 12. HP: 99/99 MP: 10/30
 18229 | Lair:3   | Got a twisted ring mail
 18230 | Lair:3   | Identified the cursed +0 ring mail of Vanity {rElec rPois} (You found it on level 3 of the Lair of Beasts)
 18383 | Lair:3   | Noticed a four-headed hydra
 18388 | Lair:3   | Killed a four-headed hydra
 19076 | Lair:4   | Reached skill level 10 in Spellcasting
 21683 | Lair:4   | Found a staircase to the Snake Pit.
 22912 | Lair:5   | Noticed a seven-headed hydra
 22918 | Lair:5   | Killed a seven-headed hydra
 22918 | Lair:5   | Reached skill level 5 in Conjurations
 23260 | Lair:5   | Found a runed door.
 23262 | Lair:5   | Found a viscous altar of Jiyva.
 23262 | Lair:5   | Found a staircase to the Slime Pits.
 23458 | Lair:5   | Reached XP level 13. HP: 107/107 MP: 22/32
 24125 | Lair:6   | Entered Level 6 of the Lair of Beasts
 25390 | Lair:1   | Reached skill level 13 in Earth Magic
 25636 | D:10     | Entered Level 10 of the Dungeon
 26755 | D:10     | Found Fyiv's Antique Armour Emporium.
 26762 | D:10     | Bought a brightly glowing ring mail for 288 gold pieces
 26762 | D:10     | Identified the +5 ring mail of Inant {+Blink} (You bought it in a shop on level 10 of the Dungeon)
 26950 | D:10     | Got a blackened quarterstaff
 26951 | D:10     | Identified the +9 quarterstaff "Kymeat Gaots" {protect, Dex+7} (You found it on level 10 of the Dungeon)
 27056 | D:10     | Gained mutation: You are resistant to hostile enchantments. (MR+) [mutagenic meat]
 27057 | D:10     | Gained mutation: You do not regenerate when monsters are visible. [mutagenic meat]
 27058 | D:10     | Gained mutation: You expend magic power (3 MP) to strengthen your wands. [mutagenic meat]
 27061 | D:10     | Gained mutation: You are agile. (Dex +2) [mutagenic meat]
 27555 | D:10     | Found a staircase to the Orcish Mines.
 27793 | Orc:1    | Entered Level 1 of the Orcish Mines
 27793 | Orc:1    | Found Fapol's Antique Armour Boutique.
 27803 | Orc:1    | Bought a glowing cloak for 232 gold pieces
 27818 | Orc:1    | Found a roughly hewn altar of Beogh.
 27818 | Orc:1    | Found Obugruq's Antique Weapon Emporium.
 27859 | Orc:1    | Found an iron altar of Okawaru.
 27967 | Orc:1    | Found a frozen archway.
 28261 | IceCv    | Entered an ice cave
 28309 | IceCv    | Lost mutation: You do not regenerate when monsters are visible. [potion of mutation]
 28309 | IceCv    | Lost mutation: Your muscles are strong. (Str +2) [potion of mutation]
 28309 | IceCv    | Lost mutation: You expend magic power (3 MP) to strengthen your wands. [potion of mutation]
 28309 | IceCv    | Lost mutation: You are resistant to hostile enchantments. (MR+) [potion of mutation]
 28309 | IceCv    | Lost mutation: You are agile. (Dex +2) [potion of mutation]
 28309 | IceCv    | Gained mutation: You have a pair of small horns on your head. [potion of mutation]
 28309 | IceCv    | Gained mutation: You have a pair of horns on your head. [potion of mutation]
 28309 | IceCv    | Gained mutation: You are clumsy. (Dex -2) [potion of mutation]
 28309 | IceCv    | Gained mutation: You evolve. [potion of mutation]
 28391 | IceCv    | Lost mutation: You evolve. [end of evolution]
 30113 | IceCv    | Noticed a white draconian
 30142 | IceCv    | Killed a white draconian
 31163 | Orc:1    | Found Urajag's Distillery.
 31177 | Orc:1    | Bought a potion of heal wounds for 70 gold pieces
 31177 | Orc:1    | Bought a potion of magic for 112 gold pieces
 31246 | Orc:2    | Entered Level 2 of the Orcish Mines
 31341 | Orc:2    | Noticed Fv001's ghost (adept GrFi)
 31935 | Orc:2    | Found Lyqacane's Armour Boutique.
 32169 | Orc:1    | Lost mutation: You are clumsy. (Dex -2) [potion of mutation]
 32169 | Orc:1    | Lost mutation: You have a pair of horns on your head. [potion of mutation]
 32169 | Orc:1    | Lost mutation: You have sharp fingernails. [potion of mutation]
 32169 | Orc:1    | Lost mutation: You have a pair of small horns on your head. [potion of mutation]
 32169 | Orc:1    | Gained mutation: You are partially covered in iridescent scales. (AC +2) [potion of mutation]
 32169 | Orc:1    | Gained mutation: Your muscles are strong. (Str +2) [potion of mutation]
 32169 | Orc:1    | Gained mutation: You expend magic power (3 MP) to strengthen your wands. [potion of mutation]
 32169 | Orc:1    | Gained mutation: You are partially covered in thin metallic scales. (AC +2) [potion of mutation]
 32427 | Orc:2    | Reached XP level 14. HP: 98/115 MP: 16/34
 32528 | Orc:2    | Noticed Erolcha
 32692 | Orc:1    | Killed Erolcha
 33184 | Orc:2    | Noticed Saint Roka
 33184 | Orc:2    | Reached skill level 5 in Staves
 33190 | Orc:2    | Killed Saint Roka
 33566 | Orc:2    | Found a roughly hewn altar of Beogh.
 34190 | Orc:2    | Found a staircase to the Elven Halls.
 34549 | Orc:2    | Noticed an orc warlord
 35583 | Orc:2    | Found Zajiew's Armour Shop.
 35716 | Orc:2    | Reached skill level 10 in Armour
 36015 | Orc:2    | Killed an orc warlord
 36170 | Orc:2    | Found Olaurufa's Magic Scroll Emporium.
 36640 | Orc:2    | Found a roughly hewn altar of Beogh.
 37404 | Orc:2    | Found Lieb's Book Shop.
 39417 | D:12     | Identified a scroll of acquirement
 39725 | D:12     | Gained mutation: Your system is resistant to poisons. (rPois) [mutagenic meat]
 39828 | D:12     | Noticed Azrael
 39829 | D:12     | Reached skill level 1 in Evocations
 39832 | D:12     | Killed Azrael
 41069 | D:13     | Reached XP level 15. HP: 120/121 MP: 17/36
 41263 | D:13     | Identified Xoenaghi's Tome of Enchantment and Flames
 42561 | D:14     | Noticed Roxanne
 42564 | D:14     | Killed Roxanne
 42571 | D:14     | Identified Roxanne's Catalogue of the Mountains (You took it off Roxanne on level 14 of the Dungeon)
 42908 | D:14     | Learned a level 6 spell: Iron Shot
 42915 | D:14     | Learned a level 6 spell: Statue Form
 42933 | D:14     | Reached skill level 1 in Transmutations
 42958 | D:14     | Found a gate to the Vaults.
 43236 | D:14     | Noticed Josephine
 43241 | D:14     | Killed Josephine
 43475 | D:14     | Noticed Louise
 43602 | D:14     | Killed Louise
 44761 | D:14     | Noticed Agnes
 44769 | D:14     | Killed Agnes
 44855 | D:15     | Entered Level 15 of the Dungeon
 45068 | D:15     | Noticed Rupert
 45734 | D:14     | Paralysed by Rupert for 5 turns
 45738 | D:14     | Killed Rupert
 47587 | Lair:5   | Reached skill level 5 in Evocations
 48721 | Lair:6   | Reached skill level 5 in Transmutations
 49492 | Lair:6   | Reached skill level 14 in Earth Magic
 49700 | Lair:6   | Reached XP level 16. HP: 112/128 MP: 8/38
 50605 | Snake:1  | Entered Level 1 of the Snake Pit
 50620 | Lair:4   | HP: 5/166 [naga warrior/war axe of chopping (13)]
 50620 | Lair:4   | HP: 1/166 [naga warrior/war axe of chopping (4)]
 51300 | Swamp:1  | Entered Level 1 of the Swamp
 52263 | Swamp:1  | Noticed Aizul
 52273 | Swamp:1  | Killed Aizul
 52282 | Swamp:1  | Lost mutation: Your system is resistant to poisons. (rPois) [mutagenic meat]
 52283 | Swamp:1  | Gained mutation: You are clumsy. (Dex -2) [mutagenic meat]
 52284 | Swamp:1  | Lost mutation: Your muscles are strong. (Str +2) [mutagenic meat]
 52285 | Swamp:1  | Gained mutation: You are occasionally teleported next to monsters. [mutagenic meat]
 52286 | Swamp:1  | Gained mutation: You have a pair of small antennae on your head. [mutagenic meat]
 52309 | Swamp:1  | Lost mutation: You are clumsy. (Dex -2) [potion of mutation]
 52309 | Swamp:1  | Lost mutation: You are occasionally teleported next to monsters. [potion of mutation]
 52309 | Swamp:1  | Lost mutation: You are partially covered in iridescent scales. (AC +2) [potion of mutation]
 52309 | Swamp:1  | Lost mutation: You have a pair of small antennae on your head. [potion of mutation]
 52309 | Swamp:1  | Lost mutation: You expend magic power (3 MP) to strengthen your wands. [potion of mutation]
 52309 | Swamp:1  | Lost mutation: You are partially covered in thin metallic scales. (AC +2) [potion of mutation]
 52309 | Swamp:1  | Gained mutation: You are partially covered in yellow scales. (AC +2) [potion of mutation]
 52309 | Swamp:1  | Gained mutation: Your flesh is heat resistant. (rF+) [potion of mutation]
 52786 | Swamp:2  | Reached skill level 10 in Staves
 55830 | Swamp:3  | Noticed Mara
 55840 | Swamp:3  | Noticed Jannitor's illusion
 55849 | Swamp:3  | HP: 2/249 [Jannitor's illusion/iron shot[Mara] (22)]
 55849 | Swamp:3  | Demolished by Mara

Skill      XL: |  1  2  3  4  5  6  7  8  9 10 11 12 13 14 15 16 |
---------------+-------------------------------------------------+-----
Earth Magic    | 3 4 6 7 8 9 10 11 12 13 14 | 14.5
Spellcasting   | 2 4 6 7 8 9 10 11 12 | 12.8
Fighting       | 1 4 6 8 |  8.1
Armour         | 3 5 7 9 10 11 | 11.0
Staves         | 3 4 7 9 10 | 10.5
Conjurations   | 2 5 7 |  7.1
Evocations     | 2 5 7 |  7.3
Transmutations | 5 6 |  6.3
Dodging        | |  1.7
Stealth        | |  1.7

Action                   |  1- 3 |  4- 6 |  7- 9 | 10-12 | 13-15 | 16-18 || total
-------------------------+-------+-------+-------+-------+-------+-------++-------
Melee: Unarmed           |     2 |     9 |       |       |       |       ||    11
       Flail             |       |       |    17 |    87 |       |       ||   104
       Falchion          |       |       |       |    17 |       |       ||    17
       Dagger            |       |       |       |   137 |    43 |       ||   180
       Quarterstaff      |       |       |       |       |   858 |   326 ||  1184
       Headbutt          |       |       |       |       |    26 |       ||    26
       Staff             |       |       |       |       |    77 |       ||    77
 Cast: Sandblast         |    68 |    82 |    35 |    19 |    16 |     2 ||   222
       Stone Arrow       |       |    15 |   191 |   264 |   832 |   140 ||  1442
       Lee's Rapid Decon |       |       |    10 |    77 |   153 |       ||   240
       Petrify           |       |       |     5 |    22 |    18 |       ||    45
       Iron Shot         |       |       |       |       |    16 |    21 ||    37
       Statue Form       |       |       |       |       |     9 |    17 ||    26
Evoke: Wand              |       |       |     1 |     2 |     8 |       ||    11
  Use: Potion            |       |     6 |     8 |     3 |    21 |     3 ||    41
       Scroll            |       |     1 |     3 |    17 |    14 |     6 ||    41
 Stab: Petrified         |       |       |       |     7 |    11 |       ||    18
       Petrifying        |       |       |       |     3 |     4 |       ||     7
       Confused          |       |       |       |       |     2 |     1 ||     3
       Distracted        |       |       |       |       |     1 |       ||     1
  Eat: Chunk             |     5 |     7 |    29 |    43 |   102 |    34 ||   220
       Bread ration      |       |       |     1 |     1 |       |       ||     2
       Meat ration       |       |       |       |     1 |       |       ||     1
       Royal jelly       |       |       |       |     1 |       |       ||     1
Armor: Robe              |     4 |     6 |    27 |     3 |       |       ||    40
       Troll leather arm |       |       |       |    65 |       |       ||    65
       Ring mail         |       |       |       |   115 |   722 |   104 ||   941
       Skin              |       |       |       |       |   258 |   341 ||   599
Dodge: Dodged            |    12 |    72 |    87 |   237 |  1039 |   421 ||  1868
       Rpst.: Falchion   |       |       |       |     5 |       |       ||     5
